 Dungeon Crawl Stone Soup version 0.28.0-49-g6dfe1f597d (webtiles) character file.

Game seed: 6673504877405222869

0 Zeld the Sneak (level 1, -4/19 HPs)
             Began as a Hill Orc Delver on May 12, 2022.
             Was an Initiate of Beogh.
             Slain by an orc
             ... wielding a +0 flail
              (8 damage)
             ... on level 3 of the Dungeon.
             The game lasted 00:01:16 (394 turns).

Zeld the Sneak (Hill Orc Delver)                     Turns: 394, Time: 00:01:17

Health: -4/19      AC:  3    Str: 14    XL:     1   Next: 0%
Magic:  1/1        EV: 11    Int: 10    God:    Beogh [......]
Gold:   0          SH:  0    Dex: 12    Spells: 0/0 levels left

rFire   . . .      SeeInvis .   a - +0 hand axe
rCold   . . .      Faith    .   (no shield)
rNeg    . . .      Spirit   .   b - +0 leather armour
rPois   .          Reflect  .   (no helmet)
rElec   .          Harm     .   (no cloak)
rCorr   .          Rampage  .   (no gloves)
Will    .....                   (no boots)
Stlth   ++........              (no amulet)
HPRegen 0.06/turn               (no ring)
MPRegen 0.07/turn               (no ring)

@: no status effects
A: no striking features
a: Renounce Religion


You were on level 3 of the Dungeon.
You worshipped Beogh.
Beogh was noncommittal.
You visited 2 branches of the dungeon, and saw 4 of its levels.

Inventory:

Hand Weapons
 a - a +0 hand axe (weapon)
Armour
 b - a +0 leather armour (worn)
Wands
 g - a wand of digging (3)
 h - a wand of flame (14)
Scrolls
 c - a scroll of fog
 d - a scroll of magic mapping
Potions
 f - a potion of haste
 i - a potion of might {unknown}


   Skills:
 * Level 3.6 Fighting
 * Level 2.6 Axes
 + Level 0.0 Armour
 + Level 1.5 Dodging
 - Level 4.1 Stealth
 * Level 0.0 Evocations


You couldn't memorise any spells.
You didn't know any spells.
Your spell library was empty.

Dungeon Overview and Level Annotations

Branches:
Dungeon (5/15)             Temple (1/1) D:5

Altars:
Cheibriados
Dithmenos
Elyvilon
Fedhas
Gozag
Kikubaaqudgha
Makhleb
Okawaru
Ru
Trog
Uskayaw
Wu Jian
Yredelemnul


Message History

The jelly barely misses you.
You climb upwards.
Reactivating autopickup.
Found a runed trident, a glowing orange potion, 13 bolts and 18 gold pieces.
There is a stone staircase leading down here.
You are no longer corroded.
An orc comes into view. It is wielding a +0 club.
The kobold shouts!
The orc priest shouts!
The orc shouts!
The orc priest closely misses you.
The orc wizard shouts!
As you read the scroll of fear, it crumbles to dust.
You assume a fearsome visage.
The orc wizard looks frightened!
The orc looks frightened! x2
The orc shouts!
The orc priest looks frightened!
The kobold looks frightened!
The jelly looks frightened!
You hear a shout!
The orc wizard gestures wildly while chanting.
The orc wizard flickers and vanishes!
Deactivating autopickup; reactivate with Ctrl-A.
The orc closely misses you. The orc misses you. The orc misses you.
The orc hits you but does no damage.
An adder comes into view.
Found a stone staircase leading up.
The adder hisses angrily.
You hear an angry hiss.
Found a club, a scroll labelled XEFEUKHELE and a glowing orange potion.
An orc wizard comes into view. It is wielding a +2 dagger of venom.
The adder bites you but does no damage. The adder barely misses you.
Found an escape hatch in the ceiling.
Found a scroll labelled XEFEUKHELE.
There is a stone staircase leading up here.
The adder completely misses you.
You climb upwards.
Reactivating autopickup.
There is a stone staircase leading down here.
You miss the adder. You completely miss the orc. The adder barely misses you.
The orc hits you with a +0 flail!
You die...

..#.#
#.#.#
#.#.#
...#
#..#
#..#
#.S#
#@#
#o#
#.#
#.#
#.#
#.#
#.#
#..


You could see an adder and an orc.

Vanquished Creatures (others)
  2 ogres (D:5)
  An orc priest (D:5)
  2 orcs (D:5)
5 creatures vanquished.

Notes
Turn   | Place    | Note
-------+----------+-------------------------------------------
     0 | D:5      | Zeld the Hill Orc Delver began the quest for the Orb.
     0 | D:5      | Reached XP level 1. HP: 19/19 MP: 1/1
    38 | D:5      | Found a staircase to the Ecumenical Temple.
    42 | D:5      | Noticed a sky beast
    42 | D:5      | Noticed an ogre
    44 | D:5      | Noticed a jelly
    48 | Temple   | Entered the Ecumenical Temple
   263 | D:5      | Noticed an ogre
   266 | D:5      | Noticed an orc priest
   273 | D:5      | Found a blossoming altar of Fedhas.
   291 | D:5      | Noticed an orc priest
   299 | D:5      | Noticed an orc wizard
   300 | D:5      | Became a worshipper of Beogh the Brigand
   344 | D:5      | Killed an ogre
   351 | D:5      | Killed an orc priest
   362 | D:5      | Killed an ogre
   364 | D:5      | Noticed an iguana
   366 | D:5      | Noticed an orc wizard
   376 | D:4      | Noticed an orc wizard
   376 | D:4      | Noticed an orc priest
   388 | D:4      | Noticed an orc wizard
   394 | D:3      | Slain by an orc

Illustrated notes

Levels and vault maps discovered:
D:3:      layout_basic, mainiacjoe_overflow_alcove_4, serial_shops, shop
D:4:      layout_gridville, mainiacjoe_overflow_brackets, tso_oasis_becter,
          minmay_bent
D:5:      layout_loops_ring, lemuel_doored_altar,
          minmay_temple_entry_statues_pillars
Temple:   nicolae_temple_no_exploring_needed

Action                   || total
-------------------------++-------
Melee: Hand axe          ||     2
Invok: Convert to Beogh  ||     1
  Use: Scroll            ||     1
Armor: Leather armour    ||     2
Dodge: Dodged            ||    10
